 Dungeon Crawl Stone Soup version 0.30-a0-4-ga7cffc901d (webtiles) character file.

Game seed: 6639536730889425940

76 Setbun the Cutter (level 4, 0/26 HPs)
             Began as a Kobold Brigand on Aug 21, 2022.
             Slain by an orc
             ... wielding a +0 club
              (1 damage)
             ... on level 3 of the Dungeon.
             The game lasted 00:01:21 (2063 turns).

Setbun the Cutter (Kobold Brigand)                  Turns: 2063, Time: 00:01:21

Health: 0/26       AC:  3    Str:  8    XL:     4   Next: 57%
Magic:  4/4        EV: 14    Int: 12    God:
Gold:   64         SH:  0    Dex: 18    Spells: 3/3 levels left

rFire   . . .      SeeInvis .    a - +2 dagger
rCold   . . .      Faith    .    (no shield)
rNeg    . . .      Spirit   .    b - +0 robe
rPois   .          Reflect  .    (no helmet)
rElec   .          Harm     .    c - +0 cloak
rCorr   .          Rampage  .    (no gloves)
Will    .....                    (no boots)
Stlth   ++++......               (no amulet)
HPRegen 0.08/turn                (no ring)
MPRegen 0.09/turn                (no ring)

@: mighty, invisible
A: small, no large weapons, nightstalker 3
a: no special abilities


You were on level 3 of the Dungeon.
You visited 1 branch of the dungeon, and saw 3 of its levels.

You collected 64 gold pieces.

Inventory:

Hand Weapons
 a - a +2 dagger (weapon)
Missiles
 d - 9 poisoned darts (quivered)
 e - 3 curare-tipped darts
Armour
 b - a +0 robe (worn)
 c - a +0 cloak (worn)
Scrolls
 h - a scroll of torment {unknown}
 i - 2 scrolls of identify {unknown}
 j - 3 scrolls of immolation {unknown}
 k - a scroll of enchant weapon {unknown}
 l - 3 scrolls of amnesia {unknown}
 m - a scroll of acquirement {unknown}
Potions
 g - 2 potions of might


   Skills:
 - Level 2.1 Fighting
 * Level 5.9 Short Blades
 - Level 2.1 Throwing
 - Level 1.2 Dodging
 - Level 5.3 Stealth


You had 3 spell levels left.
You didn't know any spells.
Your spell library contained the following spells:

 Spells                   Type           Power      Damage    Failure   Level
 Foxfire                  Conj/Fire      0%         2x1d4     32%         1
 Sandblast                Erth           0%         2d4       32%         1
 Passwall                 Tmut/Erth      0%         N/A       45%         2
 Conjure Flame            Conj/Fire      0%         6-21      69%         3
 Ignite Poison            Fire/Tmut/Pois 0%         N/A       69%         3
 Inner Flame              Hex/Fire       0%         N/A       69%         3
 Mephitic Cloud           Conj/Pois/Air  0%         N/A       69%         3
 Stone Arrow              Conj/Erth      0%         3d7       69%         3
 Flame Wave               Conj/Fire      0%         2d4       97%         4
 Freezing Cloud           Conj/Ice/Air   0%         6-21      100%        5


Dungeon Overview and Level Annotations

Branches:
Dungeon (3/15)

Altars:


Innate Abilities, Weirdness & Mutations

You are small and have problems with some larger weapons.
You are completely attuned to the shadows.


Message History

The orc is moderately wounded.
The orc hits you but does no damage. The orc closely misses you.
The orc barely misses you.
You hit the orc but do no damage.
The orc is moderately wounded.
The orc barely misses you. The orc closely misses you.
The orc hits you but does no damage. The orc hits you with a +0 dagger.
You hit the orc.
The orc is moderately wounded.
You hit the orc but do no damage.
The orc is moderately wounded.
The orc hits you but does no damage. The orc closely misses you. x3
You hit the orc but do no damage.
The orc is moderately wounded.
The orc hits you with a +0 dagger. The orc hits you but does no damage.
The orc barely misses you. The orc misses you.
You hit the orc.
The orc is severely wounded.
The orc hits you but does no damage. The orc barely misses you. x2
The orc hits you with a +0 dagger.
You barely miss the orc.
The orc is severely wounded.
A dart slug comes into view.
You hit the orc but do no damage.
The orc is severely wounded.
The orc hits you with a +0 club. The orc barely misses you.
The orc hits you with a +0 dagger.
* * * LOW HITPOINT WARNING * * *
The orc hits you with a +0 dagger.
* * * LOW HITPOINT WARNING * * *
It was a potion of invisibility.
You fade into invisibility!
The orc closely misses you. The orc hits you with a +0 dagger.
* * * LOW HITPOINT WARNING * * *
The orc closely misses you. x2
It was a potion of might.
You feel very mighty all of a sudden. The orc barely misses you.
The orc completely misses you. The orc hits you with a +0 club.
You die...

... . ...#####..
.....#oo.. #...@org.
.. #...#o...
#####....#.###.#.o??.
........#...#......#.
#####.......#......#
#####...#.)..)...###
......#####......#
#####........##### #
##........#


You could see 5 orcs, a goblin (unable to see you) and a rat (unable to see
you).

Vanquished Creatures
  2 adders
  A worm (D:2)
  2 dart slugs
  6 ball pythons
  A bat (D:2)
  6 endoplasms
  3 giant cockroaches
  4 hobgoblins
  4 quokkas (D:1)
  5 frilled lizards
  6 goblins
  6 kobolds
  A rat (D:1)
47 creatures vanquished.

Vanquished Creatures (others)
  79 plants (D:1)
79 creatures vanquished.

Grand Total: 126 creatures vanquished

Notes
Turn   | Place    | Note
-------+----------+-------------------------------------------
     0 | D:1      | Setbun the Kobold Brigand began the quest for the Orb.
     0 | D:1      | Reached XP level 1. HP: 12/12 MP: 1/1
   196 | D:1      | Reached XP level 2. HP: 15/17 MP: 2/2
   481 | D:1      | Reached XP level 3. HP: 21/21 MP: 3/3
   966 | D:2      | Reached skill level 5 in Short Blades
  1260 | D:2      | Reached XP level 4. HP: 26/26 MP: 4/4
  1467 | D:2      | Found a faded altar of an unknown god.
  2062 | D:3      | HP: 1/26 [orc/+0 dagger (2)]
  2063 | D:3      | Slain by an orc

Illustrated notes

Levels and vault maps discovered:
D:1:      roderic_crop_circles_arrival_small, layout_loops_ring
D:2:      layout_loops_corners, shapermc_ecumenical_altar_notcrosses,
          roderic_lattice_a, minmay_misc_feat_roman
D:3:      layout_loops_ring, yredelemnul_forgotten_temple_becter,
          hangedman_decor_lopped, uniq_grinder, uniq_natasha

Skill      XL: |  1  2  3 |
---------------+----------+-----
Short Blades   | 3 4 5 |  5.9
Fighting       | |  2.1
Throwing       | |  2.1
Dodging        | |  1.2
Stealth        | |  5.3

Action                   |  1- 3 |  4- 6 || total
-------------------------+-------+-------++-------
Melee: Dagger            |    70 |    29 ||    99
       Punch             |     1 |     1 ||     2
  Use: Potion            |       |     2 ||     2
 Stab: Sleeping          |    21 |    10 ||    31
Armor: Robe              |     3 |     6 ||     9
Dodge: Dodged            |    30 |    24 ||    54

Table legend: (Time is in decaauts)
 A = Elapsed time spent in this place.
 B = Non-inter-level travel time spent in this place.
 C = Inter-level travel time spent in this place.
 D = Time resting spent in this place.
 E = Time spent auto-exploring this place.
 F = Levels seen in this place.
 G = Mean time per level.
                   A        B        C        D        E       F      G
               +--------+--------+--------+--------+--------+-----+--------+
         Total |   2039 |   1982 |     57 |      0 |   1737 |   3 |  679.7 |
       Dungeon |   2039 |   1982 |     57 |      0 |   1737 |   3 |  679.7 |
               +--------+--------+--------+--------+--------+-----+--------+

Top non-repeatable levels by time:
     D:2: 1059 daAuts
     D:1: 927 daAuts
     D:3: 52 daAuts
